Map: Jagannatha LE

Players

ButAlways

  • Race: Protoss Protoss

MysteryMan - Winner!

  • Race: Zerg Zerg

VOD

Have the link to the VOD?

Description

Time

  • Played on: Sept. 29, 2021, 8:51 a.m.
  • Length: 8:47
Show
View Real Time Build Order
Export as new Build Order

ButAlways Protoss 

Build Orders:  

Get SALT Encoding   

  12  0:00  Probe  
  13  0:12  Probe  
  14  0:20  Pylon  
  14  0:24  Probe  
  15  0:38  Probe (Chrono Boost)  
  15  0:39  Gateway  
  16  0:48  Probe (Chrono Boost)  
  17  0:51  Assimilator  
  17  0:53  Probe (Chrono Boost)  
  18  1:05  Probe  
  20  1:19  Gateway  
  20  1:21  Pylon  
  20  1:24  Zealot (Chrono Boost)  
  19  1:28  Cybernetics Core  
  21  1:40  Gateway  
  21  1:44  Zealot (Chrono Boost)  
  23  1:52  Probe  
  24  1:58  Pylon  
  24  2:03  Stalker (Chrono Boost)  
  26  2:10  Shield Battery  
  26  2:17  Shield Battery  
  27  2:35  Nexus  
  26  2:37  Probe  
  27  2:48  Assimilator  
  27  2:49  Probe  
  27  2:59  Stargate  
  27  3:01  Probe  
  28  3:13  Probe (Chrono Boost)  
  28  3:16  Warp Gate  
  29  3:26  Probe (Chrono Boost)  
  31  3:34  Probe (Chrono Boost)  
  31  3:37  Void Ray  
  31  3:41  Probe (Chrono Boost)  
  36  3:49  Probe (Chrono Boost)  
  38  3:58  Probe x2 (Chrono Boost)  
  39  4:03  Probe (Chrono Boost)  
  39  4:04  Probe  
  39  4:05  Forge  
  41  4:15  Probe (Chrono Boost)  
  43  4:19  Fleet Beacon  
  43  4:21  Probe (Chrono Boost)  
  43  4:26  Probe (Chrono Boost)  
  43  4:30  Probe (Chrono Boost)  
  43  4:31  Probe (Chrono Boost)  
  45  4:34  Pylon  
  46  4:40  Probe  
  46  4:41  Probe  
  48  4:52  Nexus, Probe  
  49  4:56  Photon Cannon  
  50  5:01  Tempest (Chrono Boost)  
  50  5:05  Probe  
  50  5:06  Probe  
  55  5:17  Assimilator  
  55  5:18  Probe x2, Pylon  
  57  5:28  Assimilator  
  57  5:30  Probe x2  
  57  5:35  Tempest (Chrono Boost)  
  59  5:37  Pylon  
  59  5:42  Probe x2  
  66  5:44  Twilight Council  
  66  5:54  Probe  
  67  5:58  Probe  
  67  6:04  Pylon  
  68  6:05  Gateway  
  68  6:06  Probe  
  68  6:08  Gateway, Pylon  
  69  6:11  Tempest (Chrono Boost)  
  74  6:19  Probe x3  
  74  6:23  Blink (Chrono Boost)  
  77  6:31  Probe x2  
  79  6:33  Probe  
  80  6:43  Probe, Shield Battery  
  80  6:44  Gateway, Probe  
  80  6:45  Gateway  
  82  6:53  Gateway x2  
  82  6:55  Stalker  
  84  7:03  Stalker x2  
  84  7:05  Probe  
  84  7:06  Probe x2  
  86  7:19  Stalker x2  
  80  7:25  Tempest  
  80  7:28  Shield Battery  
  80  7:29  Shield Battery  
  77  7:33  Stalker  
  77  7:34  Stalker  
  75  7:47  Adept x3  
  75  7:48  Adept x2  
  61  7:53  Probe  
  46  8:06  Probe x2  
  46  8:07  Stalker  
  49  8:14  Sentry x2  
  49  8:15  Sentry  
  49  8:18  Probe x2  
  51  8:27  Stalker  
  49  8:30  Probe x2  
  49  8:34  Probe  
Show
View Real Time Build Order
Export as new Build Order

MysteryMan Zerg - Winner!

Build Orders: Pool First 

Get SALT Encoding   

  12  0:17  Spawning Pool  
  11  0:22  Drone  
  11  0:27  Drone  
  13  0:31  Drone  
  14  0:39  Overlord  
  14  1:04  Zergling x4  
  14  1:05  Zergling x2  
  17  1:17  Hatchery  
  16  1:20  Zergling x2  
  17  1:27  Zergling x2  
  18  1:36  Queen  
  20  1:43  Drone  
  21  1:52  Drone  
  22  2:08  Hatchery  
  21  2:17  Overlord  
  21  2:22  Drone  
  22  2:27  Extractor  
  22  2:38  Drone x2  
  23  2:45  Drone  
  24  2:51  Queen  
  24  2:54  Zergling x4  
  28  3:02  Drone  
  28  3:06  Overlord  
  27  3:13  Hatchery  
  27  3:15  Drone  
  27  3:21  Drone  
  27  3:24  Drone  
  27  3:26  Drone  
  30  3:33  Drone x2  
  32  3:36  Metabolic Boost  
  32  3:43  Drone  
  32  3:44  Drone  
  32  3:47  Drone  
  35  3:52  Drone x2  
  35  3:53  Drone  
  38  3:56  Drone  
  38  3:57  Drone  
  40  4:03  Drone x2  
  40  4:04  Drone  
  40  4:08  Overlord  
  43  4:12  Extractor  
  43  4:15  Drone  
  43  4:19  Overlord  
  43  4:23  Drone  
  44  4:24  Queen  
  44  4:25  Drone  
  44  4:27  Drone  
  48  4:32  Lair  
  48  4:35  Drone  
  48  4:36  Drone  
  48  4:37  Drone  
  51  4:39  Drone  
  51  4:43  Spore Crawler  
  50  4:46  Spore Crawler  
  50  4:47  Spore Crawler  
  50  4:48  Drone  
  48  4:53  Drone x2  
  48  4:59  Drone x3  
  53  5:00  Drone, Extractor  
  53  5:04  Queen  
  55  5:08  Drone  
  55  5:09  Drone x2  
  58  5:16  Overlord x2  
  58  5:28  Overlord, Extractor  
  58  5:34  Hydralisk Den  
  56  5:36  Drone x4  
  56  5:37  Drone  
  56  5:38  Drone x2  
  56  5:41  Drone x3  
  66  5:48  Overlord x2  
  66  5:51  Drone x3  
  66  5:53  Overseer  
  69  5:59  Drone x2  
  69  6:03  Extractor  
  69  6:04  Overlord  
  70  6:05  Muscular Augments  
  70  6:08  Hydralisk x4  
  77  6:13  Hydralisk x2  
  80  6:20  Hydralisk x3  
  83  6:28  Hydralisk x3  
  87  6:35  Hydralisk x2  
  91  6:40  Zergling x2  
  91  6:41  Zergling x8  
  96  6:53  Zergling x16  
  99  7:10  Zergling x10  
  99  7:11  Zergling x4  
  105  7:22  Overlord x2  
  100  7:26  Spire  
  99  7:33  Zergling x14  
  100  7:47  Drone x3  
  100  7:48  Drone x2  
  97  7:57  Hydralisk x9  
  101  8:06  Drone  
  101  8:10  Zergling x2  
  101  8:11  Zergling x2  
  92  8:32  Extractor  
  100  8:41  Hatchery  
Tags
 
Add a new tag
Caveats
  • Supply blocks, unpowered buildings, or Contaminate may cause inaccurate times.
  • Supply counts are checked every 10 seconds.